cohdb
Replays
Latest Replays
All Replays
Popular Replays
Top Player Replays
Match Explorer
How It Works
Community
CoH3 Stats
Reddit
Sign in to upload your games and track your stats! →
Sign in with Steam
Match 46066481
Unlisted
Match 46066481
Overview
Messages
Build Orders
End
Royal Engineer Section
Construct Section Command Post
Dingo Light Scout Car
Infantry Section
Infantry Section
Infantry Section
Construct Field Infirmary
Construct Platoon Command Post
Humber Armored Car
Selects Canadian Shock Battlegroup
Selects Incendiary Munitions
Selects Pyrotechnics
Infantry Training
Makros
Ang1eton
0
0
Comments
sign in to comment!
No comments posted yet!